 Dungeon Crawl Stone Soup version 0.28-a0-1524-ge72afd5fc6 (webtiles) character file.

Game seed: 7447625188522696139

1221 HallandMoats the Skirmisher (level 8, -5/68 HPs)
             Began as a Ghoul Fighter on Jan 18, 2022.
             Slain by Prince Ribbit (6 damage)
             ... on level 5 of the Dungeon.
             The game lasted 00:10:09 (6754 turns).

HallandMoats the Skirmisher (Ghoul Fighter)         Turns: 6754, Time: 00:10:10

Health: -5/68      AC:  8    Str: 20    XL:     8   Next: 47%
Magic:  0/10       EV: 10    Int:  5    God:
Gold:   42         SH:  5    Dex: 14    Spells: 7/7 levels left

rFire   + . .      SeeInvis .   a - +0 war axe (vamp)
rCold   + + .      Faith    .   c - +0 buckler
rNeg    + + +      Spirit   +   k - +0 scale mail
rPois   ∞          Reflect  .   (no helmet)
rElec   .          Harm     .   r - +0 cloak
rCorr   .          Rampage  .   (no gloves)
Will    .....                   (no boots)
Stlth   ..........              q - amulet "Oggok" {Spirit rF+}
HPRegen 0.00/turn               g - ring of protection from cold
MPRegen 0.12/turn               j - +6 ring of dexterity

@: flying, inhibited regen
A: claws 1, cold resistance 1, negative energy resistance 3, inhibited
regeneration, torment resistance 2
a: no special abilities


You were on level 5 of the Dungeon.
You visited 1 branch of the dungeon, and saw 6 of its levels.

You collected 306 gold pieces.
You spent 264 gold pieces at shops.

Inventory:

Hand Weapons
 a - a +0 vampiric war axe (weapon)
 b - a +0 vampiric trident
 l - the +8 great sword "Raighus" {elec, Int+10 Dex-3}
   (You bought it in a shop on level 5 of the Dungeon)

   It occasionally discharges a powerful burst of electricity upon striking a
   foe.
   Int:       It affects your intelligence (+10).
   Dex:       It affects your dexterity (-3).
Armour
 c - a +0 buckler (worn)
 k - a +0 scale mail (worn)
 r - a +0 cloak (worn)
Jewellery
 g - a ring of protection from cold (left claw)
 i - a ring of ice
 j - a +6 ring of dexterity (right claw)
 n - an amulet of the acrobat
 q - the amulet "Oggok" (around neck) {Spirit rF+}
   (You took it off a hobgoblin on level 4 of the Dungeon)

   [amulet of guardian spirit]

   It causes incoming damage to be divided between your reserves of health and
   magic.
   rF:        It protects you from fire.
Wands
 d - a wand of charming (6)
Scrolls
 p - a scroll of amnesia
 u - a scroll of identify
Potions
 m - a potion of magic {unknown}
 o - a potion of flight
 t - a potion of cancellation {unknown}


   Skills:
 + Level 5.1 Fighting
 * Level 3.3(4.1) Axes
 - Level 3.7(4.3) Polearms
 + Level 4.3 Armour
 + Level 3.1 Dodging
 + Level 4.2 Shields
 + Level 4.0 Invocations


You had 7 spell levels left.
You didn't know any spells.
Your spell library contained the following spells:

 Spells                   Type           Power      Damage    Failure   Level
 Apportation              Tloc           0%         N/A       88%         1
 Alistair's Intoxication  Tmut/Pois      0%         N/A       100%        5


Dungeon Overview and Level Annotations

Branches:
Dungeon (6/15)
 Temple: D:4-7

Altars:
Dithmenos
Elyvilon

Shops:
D:5 (

Annotations:
D:4 Eustachio
D:5 Prince Ribbit


Innate Abilities, Weirdness & Mutations

You thrive by killing the living.
You are immune to poison.
You have sharp fingernails.
Your flesh is cold resistant. (rC+)
You are immune to negative energy. (rN+++)
You do not regenerate when monsters are visible.
You are immune to unholy pain and torment.


Message History

You hit the manticore.
The manticore is moderately wounded.
You barely miss the adder. You block the adder's attack.
The adder bites you but does no damage. The manticore bites you.
The manticore claws you. x2
You barely miss the adder.
The adder is severely wounded.
You hit the manticore. The adder bites you but does no damage.
The manticore bites you!!
* * * LOW HITPOINT WARNING * * *
The manticore claws you but does no damage. x2
The adder bites you but does no damage.
You feel much better. The manticore bites you. The manticore barely misses you.
The manticore closely misses you. The adder bites you but does no damage.
It was a potion of lignification.
You feel woody for a moment. The adder bites you but does no damage.
The manticore barely misses you. The manticore claws you.
You block the manticore's attack. You block the adder's attack.
You hit the manticore.
The manticore is heavily wounded.
You miss the adder. The manticore bites you!
* * * LOW HITPOINT WARNING * * *
The manticore misses you. The manticore closely misses you.
The adder barely misses you. The manticore closely misses you.
The manticore misses you. The manticore claws you!
* * * LOW HITPOINT WARNING * * *
As you read the scroll of teleportation, it crumbles to dust.
You feel strangely unstable. The adder bites you but does no damage.
The adder closely misses you. The manticore barely misses you.
The manticore claws you.
* * * LOW HITPOINT WARNING * * *
The manticore barely misses you.
Unknown command.
The adder barely misses you.
Your surroundings seem slightly different.
There is a stone staircase leading up here.
You fly upwards.
Level annotation: Prince Ribbit Prince Ribbit hits you!
You die...

#...<...# #.#.###.# #.#...#.#
#.###)#.# ######.#...#.#
#........###.# #..........#.#
#### #...[.####.#.######...
#..).@F...............
#.....##.#.#..........
#........#.#######.... ##########
#####.####.# #..## #........#
#.........##### #..#
##.#####.####.##.#####....###..##
#.#...#..................'......
#.###.#........######....###....
#.....#........# #....# ###.#


You could see Prince Ribbit.

Vanquished Creatures
  A water moccasin (D:5)
  A sky beast (D:6)
  An ogre (D:5)
  A necrophage (D:6)
  A centaur (D:4)
  Blork the orc (D:5)
  A scorpion (D:4)
  A water moccasin zombie (D:5)
  A hound (D:4)
  A jelly (D:5)
  2 bullfrog skeletons (D:5)
  2 orc priests
  A scorpion zombie (D:5)
  Terence (D:3)
  3 iguanas
  An orc wizard (D:4)
  6 gnolls
  9 adders
  A white imp (D:3)
  2 ufetubi
  A worm (D:2)
  3 dart slugs
  11 orcs
  7 ball pythons
  6 bats
  7 endoplasms
  4 giant cockroaches
  4 goblins
  7 hobgoblins
  8 jackals
  2 kobolds
  2 quokkas
  3 frilled lizards
  3 rats
106 creatures vanquished.

Vanquished Creatures (others)
  A bush (D:5)
  A butterfly (D:5)
2 creatures vanquished.

Grand Total: 108 creatures vanquished

Notes
Turn   | Place    | Note
-------+----------+-------------------------------------------
     0 | D:1      | HallandMoats the Ghoul Fighter began the quest for the Orb.
     0 | D:1      | Reached XP level 1. HP: 19/19 MP: 0/0
   323 | D:1      | Reached XP level 2. HP: 26/26 MP: 1/1
   541 | D:2      | Reached XP level 3. HP: 31/31 MP: 2/2
   934 | D:2      | Reached skill level 1 in Dodging
   937 | D:2      | Reached XP level 4. HP: 35/39 MP: 3/3
  1524 | D:3      | Found a faded altar of an unknown god.
  1605 | D:3      | Noticed Terence
  1611 | D:3      | Killed Terence
  1708 | D:3      | Reached XP level 5. HP: 33/46 MP: 4/4
  2262 | D:3      | Found a shadowy altar of Dithmenos.
  2747 | D:4      | Identified the amulet "Oggok" {Spirit rF+}
  2757 | D:4      | Noticed a centaur
  2758 | D:4      | Reached skill level 4 in Fighting
  2777 | D:4      | Killed a centaur
  2778 | D:4      | Reached skill level 1 in Polearms
  2778 | D:4      | Reached XP level 6. HP: 20/52 MP: 5/5
  3074 | D:4      | Reached skill level 1 in Invocations
  3122 | D:4      | Noticed Eustachio
  3956 | D:5      | Entered Level 5 of the Dungeon
  3974 | D:4      | Reached XP level 7. HP: 35/60 MP: 4/7
  4596 | D:5      | HP: 3/60 [hound (2)]
  5272 | D:5      | Found Ikluigun's Antique Weapon Boutique.
  5275 | D:5      | Bought an ancient great sword for 264 gold pieces
  5275 | D:5      | Identified the +8 great sword "Raighus" {elec, Int+10
                  | Dex-3} (You bought it in a shop on level 5 of the Dungeon)
  5316 | D:5      | Reached XP level 8. HP: 67/67 MP: 9/9
  5934 | D:6      | Reached skill level 5 in Fighting
  5971 | D:6      | Noticed Prince Ribbit
  5972 | D:6      | Noticed Blork the orc
  5999 | D:5      | Killed Blork the orc
  6355 | D:6      | Noticed a manticore
  6362 | D:6      | HP: 1/68 [manticore (5)]
  6741 | D:6      | HP: 1/68 [manticore (5)]
  6754 | D:5      | Slain by Prince Ribbit

Illustrated notes

Levels and vault maps discovered:
D:1:      ncdulo_watergridlock, layout_rooms, minmay_misc_feat_five,
          hangedman_abyss_or_decor_stabs, amcnicky_mini_pool_small
D:2:      layout_loops_ring, grunt_decor_junction, chequers_jeans
D:3:      layout_loops_corners, general_overflow_altar,
          ebering_ecumenical_altar_hall, uniq_terence
D:4:      layout_loops_ring, uniq_eustachio
D:5:      layout_basic, nicolae_elyvilon_peaceful_grove, serial_shops,
          kennysheep_mini
D:6:      layout_cave_pools, minmay_temple_entry_hall, uniq_prince_ribbit1,
          uniq_pikel, uniq_blork_the_orc, uniq_maggie

Skill      XL: |  1  2  3  4  5  6  7  8 |
---------------+-------------------------+-----
Axes           | 2 3 |  3.3
Armour         | 3 4 |  4.3
Shields        | 3 4 |  4.2
Dodging        | 1 2 3 |  3.1
Fighting       | 4 5 |  5.1
Polearms       | 1 2 3 |  3.7
Invocations    | 1 3 4 |  4.0

Action                   |  1- 3 |  4- 6 |  7- 9 || total
-------------------------+-------+-------+-------++-------
Melee: War axe           |    76 |    14 |    37 ||   127
       Trident           |       |   227 |   105 ||   332
       Great sword       |       |       |    26 ||    26
  Use: Scroll            |       |     5 |     5 ||    10
       Potion            |       |     2 |     8 ||    10
Armor: Scale mail        |    43 |    92 |    88 ||   223
Dodge: Dodged            |    42 |    96 |   148 ||   286
Block: Buckler           |    16 |    47 |    47 ||   110

Table legend: (Time is in decaauts)
 A = Elapsed time spent in this place.
 B = Non-inter-level travel time spent in this place.
 C = Inter-level travel time spent in this place.
 D = Time resting spent in this place.
 E = Time spent auto-exploring this place.
 F = Levels seen in this place.
 G = Mean time per level.
                   A        B        C        D        E       F      G
               +--------+--------+--------+--------+--------+-----+--------+
         Total |   6842 |   6717 |    125 |   1392 |   3979 |   6 | 1140.3 |
       Dungeon |   6842 |   6717 |    125 |   1392 |   3979 |   6 | 1140.3 |
               +--------+--------+--------+--------+--------+-----+--------+

Top non-repeatable levels by time:
     D:5: 1679 daAuts
     D:3: 1487 daAuts
     D:4: 1278 daAuts
     D:2: 1053 daAuts
     D:6: 829 daAuts
     D:1: 514 daAuts
